 Dungeon Crawl Stone Soup version 0.24.0-13-gcf9b319 (webtiles) character file.

Game seed: 15376393171106952348, levelgen mode: deterministic

67 tatocazan the Shield-Bearer (level 4, -4/41 HPs)
             Began as a Gnoll Fighter on Nov 10, 2019.
             Slain by a gnoll
             ... wielding a +0 whip of electrocution
              (9 damage)
             ... on level 2 of the Dungeon.
             The game lasted 00:01:17 (1060 turns).

tatocazan the Shield-Bearer (Gnoll Fighter)         Turns: 1060, Time: 00:01:17

Health: -4/41      AC:  7    Str: 19    XL:     4   Next: 16%
Magic:  5/5        EV:  8    Int: 10    God:
Gold:   49         SH: 10    Dex: 15    Spells: 5/5 levels left

rFire    . . .     SeeInvis .   a - +0 war axe
rCold    . . .     Gourm    .   c - +0 shield
rNeg     . . .     Faith    .   b - +0 scale mail
rPois    .         Spirit   .   (no helmet)
rElec    .         Reflect  .   (no cloak)
rCorr    .         Harm     .   (no gloves)
MR       +....                  (no boots)
Stlth    ..........             (no amulet)
HPRegen  0.13/turn              m - ring of protection from magic
MPRegen  0.09/turn              (no ring)

@: no status effects
A: distributed training, fangs 1, strong nose
a: no special abilities


You were on level 2 of the Dungeon.
You were not hungry.

You visited 1 branch of the dungeon, and saw 2 of its levels.

You collected 49 gold pieces.

Inventory:

Hand Weapons
 a - a +0 war axe (weapon)
 g - a +1 dagger of venom
Missiles
 h - 32 bolts
Armour
 b - a +0 scale mail (worn)
 c - a +0 shield (worn)
 j - a +0 large shield
Jewellery
 m - a ring of protection from magic (left hand)
Scrolls
 e - a scroll of identify {unknown}
 i - a scroll of fog {unknown}
 l - 2 scrolls of remove curse {unknown}
Potions
 d - a potion of might
Comestibles
 f - 3 rations
 k - 3 chunks of flesh


   Skills:
 + Level 6.6 Fighting
 + Level 1.0 Short Blades
 + Level 1.0 Long Blades
 + Level 4.6 Axes
 + Level 1.0 Maces & Flails
 + Level 1.0 Polearms
 + Level 1.0 Staves
 + Level 1.0 Slings
 + Level 1.0 Bows
 + Level 1.0 Crossbows
 + Level 1.0 Throwing
 + Level 6.6 Armour
 + Level 1.0 Dodging
 + Level 1.0 Stealth
 + Level 6.6 Shields
 + Level 1.0 Unarmed Combat
 + Level 1.0 Spellcasting
 + Level 0.8 Conjurations
 + Level 0.8 Hexes
 + Level 0.8 Charms
 + Level 0.8 Summonings
 + Level 0.8 Necromancy
 + Level 0.8 Translocations
 + Level 0.8 Transmutations
 + Level 0.8 Fire Magic
 + Level 0.8 Ice Magic
 + Level 0.8 Air Magic
 + Level 0.8 Earth Magic
 + Level 0.8 Poison Magic
 + Level 1.1 Invocations
 + Level 1.0 Evocations


You had 5 spell levels left.
You didn't know any spells.
Your spell library was empty.

Dungeon Overview and Level Annotations

Branches:
Dungeon (2/15)

Altars:
Elyvilon


Innate Abilities, Weirdness & Mutations

Your experience applies equally to all skills.
You have very sharp teeth.
Your uncanny sense of smell can sniff out nearby items.


Message History

You completely miss the gnoll. You hit the gnoll.
The gnoll hits you with a +0 whip of electrocution.
The gnoll barely misses you. The gnoll hits you but does no damage.
You take 4 damage, and have 21/41 hp.
The gnoll hits you with a +0 whip.
You take 4 damage, and have 17/41 hp.
You slash the gnoll!
The gnoll is severely wounded.
You closely miss the gnoll. You block the gnoll's attack. x2
The gnoll hits you but does no damage.
You slash the gnoll!
You kill the gnoll!
You completely miss the gnoll. You block the gnoll's attack.
The gnoll hits you but does no damage.
You are electrocuted!
* * * LOW HITPOINT WARNING * * *
You take 13 damage, and have 5/41 hp.
MASSIVE DAMAGE!!
You slash the gnoll!
The gnoll is almost dead.
The gnoll hits you but does no damage.
You are electrocuted!
You die...

#####♣♣ ♣♣♣.♣♣♣ ♣
##.....♣♣ ♣♣.....♣♣ ♣♣
##.......♣♣♣.......♣♣♣.
#...≈≈≈...♣...≈≈≈...♣..
##..≈≈≈≈≈[....≈≈≈≈≈.....
#...≈†♣≈≈.....≈≈_≈≈.....
#...≈≈≈≈≈.....≈≈≈≈≈.....
#....≈g≈...♣...≈≈≈...♣..
#.#...)@..♣♣♣.......♣♣♣.
##.....♣♣ ♣♣.....♣♣ ♣♣
#####♣♣ ♣♣♣.♣♣♣ ♣ ♣♣♣


You could see a gnoll.

Vanquished Creatures
  2 gnolls (D:2)
  An adder (D:2)
  2 leopard geckos (D:1)
  8 bats
  A giant cockroach (D:1)
  6 goblins
  3 hobgoblins (D:1)
  3 jackals (D:1)
  4 kobolds
  A quokka (D:2)
  3 frilled lizards
  3 rats
37 creatures vanquished.

Notes
Turn   | Place    | Note
-------+----------+-------------------------------------------
     0 | D:1      | tatocazan the Gnoll Fighter began the quest for the Orb.
     0 | D:1      | Reached XP level 1. HP: 23/23 MP: 1/1
    58 | D:1      | Reached XP level 2. HP: 23/29 MP: 2/2
   732 | D:1      | Reached XP level 3. HP: 29/35 MP: 3/3
  1020 | D:2      | Found a white marble altar of Elyvilon.
  1031 | D:2      | Reached skill level 1 in Invocations
  1050 | D:2      | Reached skill level 1 in Short Blades
  1050 | D:2      | Reached skill level 1 in Long Blades
  1050 | D:2      | Reached skill level 1 in Maces & Flails
  1050 | D:2      | Reached skill level 1 in Polearms
  1050 | D:2      | Reached skill level 1 in Staves
  1050 | D:2      | Reached skill level 1 in Slings
  1050 | D:2      | Reached skill level 1 in Bows
  1050 | D:2      | Reached skill level 1 in Crossbows
  1050 | D:2      | Reached skill level 1 in Throwing
  1050 | D:2      | Reached skill level 1 in Dodging
  1050 | D:2      | Reached skill level 1 in Stealth
  1050 | D:2      | Reached skill level 1 in Unarmed Combat
  1050 | D:2      | Reached skill level 1 in Spellcasting
  1050 | D:2      | Reached skill level 1 in Evocations
  1050 | D:2      | Reached XP level 4. HP: 40/41 MP: 5/5
  1060 | D:2      | Slain by a gnoll

Levels and vault maps discovered:
D:1:      minmay_arrival_open_corners, layout_loops_ring, minmay_tetromino_o4
D:2:      layout_rooms, elyvilon_altar_3

Skill      XL: |  1  2  3 |
---------------+----------+-----
Invocations    | 1 |  1.1
Short Blades   | 1 |  1.0
Long Blades    | 1 |  1.0
Maces & Flails | 1 |  1.0
Polearms       | 1 |  1.0
Staves         | 1 |  1.0
Slings         | 1 |  1.0
Bows           | 1 |  1.0
Crossbows      | 1 |  1.0
Throwing       | 1 |  1.0
Dodging        | 1 |  1.0
Stealth        | 1 |  1.0
Unarmed Combat | 1 |  1.0
Spellcasting   | 1 |  1.0
Evocations     | 1 |  1.0
Fighting       | |  6.6
Axes           | |  4.6
Armour         | |  6.6
Shields        | |  6.6
Conjurations   | |  0.8
Hexes          | |  0.8
Charms         | |  0.8
Summonings     | |  0.8
Necromancy     | |  0.8
Translocations | |  0.8
Transmutations | |  0.8
Fire Magic     | |  0.8
Ice Magic      | |  0.8
Air Magic      | |  0.8
Earth Magic    | |  0.8
Poison Magic   | |  0.8

Action                   |  1- 3 |  4- 6 || total
-------------------------+-------+-------++-------
Melee: War axe           |    95 |     8 ||   103
       Bite              |     8 |       ||     8
  Eat: Chunk             |     1 |       ||     1
Armor: Scale mail        |    38 |     5 ||    43
Dodge: Dodged            |    26 |     3 ||    29
Block: Shield            |    62 |     6 ||    68
